 Dungeon Crawl Stone Soup version 0.17-a0-2055-gb4e23be (webtiles) character file.

36 barthelm the Vandal (level 3, -1/22 HPs)
             Began as a Kobold Hunter on Oct 11, 2015.
             Slain by Crazy Yiuf
             ... wielding a +2 quarterstaff of chaos
              (2 damage)
             ... on level 2 of the Dungeon.
             The game lasted 00:04:18 (713 turns).

barthelm the Vandal (Kobold Hunter)                  Turns: 713, Time: 00:04:18

Health: -1/22      AC:  3    Str: 10    XL:     3   Next: 57%
Magic:  0/3        EV: 14    Int:  9    God:
Gold:   11         SH:  0    Dex: 17    Spells: 0 memorised, 2 levels left

rFire  . . .     SeeInvis .     a - +1 hunting sling
rCold  . . .     Clarity  .     d - +0 leather armour
rNeg   . . .     SustAt   .     (shield restricted)
rPois  .         Gourm    .     (no helmet)
rElec  .         Spirit   .     (no cloak)
rCorr  .         Warding  .     (no gloves)
rMut   .         Stasis   .     (no boots)
MR     .....                    (no amulet)
Stlth  ++........               (no ring)
                                (no ring)

@: very slightly contaminated, drained, invisible, not resistant to hostile
enchantments, unstealthy
A: carnivore 3
a: no special abilities


You were on level 2 of the Dungeon.
You were very full.

You visited 1 branch of the dungeon, and saw 2 of its levels.

You collected 11 gold pieces.

Inventory:

Hand Weapons
 a - a +1 hunting sling (weapon)
 c - a +0 short sword
Missiles
 b - 16 sling bullets
 h - 41 stones (quivered)
Armour
 d - a +0 leather armour (worn)
 j - a +0 helmet
 l - a +0 pair of gloves
Scrolls
 g - a scroll of remove curse {unknown}
 i - a scroll of fog {unknown}
 m - a scroll of enchant weapon {unknown}
 n - a scroll of identify {unknown}
 o - a scroll of magic mapping {unknown}
 p - a scroll of immolation {unknown}
Potions
 f - a potion of magic {unknown}
 k - a potion of might {unknown}
Comestibles
 e - a meat ration


   Skills:
 + Level 2.3(2.0) Fighting
 + Level 6.0(5.7) Slings
 + Level 2.6(2.3) Dodging
 + Level 1.3(1.0) Stealth


You had 2 spell levels left.
You didn't know any spells.

Dungeon Overview and Level Annotations

Branches:
Dungeon (2/15)

Altars:

Annotations:
D:2 Crazy Yiuf


Innate Abilities, Weirdness & Mutations

You are small and have problems with some larger weapons.
You are carnivorous and can eat meat at any time.


Message History

Press: ? - help, Shift-Dir - straight line, f/p - Crazy Yiuf
Aim: Crazy Yiuf, wielding a quarterstaff of chaos and wearing a glowing cloak (heavily wounded)
You shoot a stone. The stone barely misses Crazy Yiuf.
Crazy Yiuf closely misses you.
Firing (i - inventory. (,) - cycle):
h - 43 stones (quivered)
Press: ? - help, Shift-Dir - straight line, f/p - Crazy Yiuf
Aim: Crazy Yiuf, wielding a quarterstaff of chaos and wearing a glowing cloak (heavily wounded)
You shoot a stone. The stone closely misses Crazy Yiuf.
Crazy Yiuf hits you with a quarterstaff of chaos.
* * * LOW HITPOINT WARNING * * *
You fade into invisibility!
You are very lightly contaminated with residual magic.
Firing (i - inventory. (,) - cycle):
h - 42 stones (quivered)
Press: ? - help, Shift-Dir - straight line, f/p - Crazy Yiuf
Aim: Crazy Yiuf, wielding a quarterstaff of chaos and wearing a glowing cloak (heavily wounded)
You shoot a stone. The stone hits Crazy Yiuf.
Crazy Yiuf is severely wounded.
Crazy Yiuf says, "Line spinner turtle!"
Crazy Yiuf hits you with a quarterstaff of chaos.
You die...

+# .# [# .## ..###
###### ###
....###..#.## ###)))#
............####@g).(#
.##.###......#..##...#
..#.# ##.#.)#)### ###
..#.# ######## ....#
.#### .# .#


You could see Crazy Yiuf.

Vanquished Creatures
  An ooze (D:1)
  2 bats (D:1)
  3 giant cockroaches (D:1)
  6 goblins (D:1)
  6 hobgoblins (D:1)
  3 jackals (D:1)
  A giant newt (D:1)
  2 kobolds (D:1)
  7 rats (D:1)
31 creatures vanquished.

Notes
Turn   | Place    | Note
--------------------------------------------------------------
     0 | D:1      | barthelm the Kobold Hunter began the quest for the Orb.
     0 | D:1      | Reached XP level 1. HP: 12/12 MP: 1/1
    15 | D:1      | Reached skill level 5 in Slings
    17 | D:1      | Reached XP level 2. HP: 17/17 MP: 2/2
   242 | D:1      | Reached XP level 3. HP: 21/21 MP: 3/3
   652 | D:1      | Reached skill level 6 in Slings
   701 | D:2      | Noticed Crazy Yiuf
   712 | D:2      | HP: 1/22 [Crazy Yiuf/quarterstaff of chaos (3)]
   713 | D:2      | Slain by Crazy Yiuf

Vault maps used:
D:1:      scummos_arrival_hexagon, minivault_4, minmay_close_crescents
D:2:      nicolae_overflow_crystal_walls, grunt_ministairs_11,
          uniq_crazy_yiuf_cottage

Action                   || total
-------------------------++-------
Melee: Short sword       ||    10
 Fire: Hunting sling     ||    71
  Eat: Chunk             ||     7
